 Dungeon Crawl Stone Soup version 0.22.1-1-ga44c0e5 (webtiles) character file.

308 lysyklops the Shield-Bearer (level 6, -6/39 HPs)
             Began as a Gargoyle Fighter on Sept 30, 2018.
             Killed by Freeze
             ... invoked by Monsterracer's ghost
              (9 damage)
             ... on level 4 of the Dungeon.
             The game lasted 00:04:50 (2664 turns).

lysyklops the Shield-Bearer (Gargoyle Fighter)      Turns: 2664, Time: 00:04:51

Health: -6/39      AC: 11    Str: 20    XL:     6   Next: 40%
Magic:  6/6        EV:  7    Int:  9    God:
Gold:   162        SH:  9    Dex: 10    Spells: 5/5 levels left

rFire    . . .     SeeInvis .   p - +2 flail (venom)
rCold    . . .     Gourm    .   c - +0 shield
rNeg     + . .     Faith    .   b - +0 scale mail
rPois    ∞         Spirit   .   (no helmet)
rElec    +         Reflect  .   (no cloak)
rCorr    .         Harm     .   (no gloves)
MR       .....                  (no boots)
Stlth    ..........             (no amulet)
HPRegen  0.13/turn              (no ring)
MPRegen  0.10/turn              (no ring)

@: no status effects
A: negative energy resistance 1, electricity resistance, unbreathing,
petrification resistance, rot immunity, AC +4
a: no special abilities


You were on level 4 of the Dungeon.
You were hungry.

You visited 1 branch of the dungeon, and saw 4 of its levels.

You collected 162 gold pieces.

Inventory:

Hand Weapons
 p - a +2 flail of venom (weapon)
Armour
 b - a +0 scale mail (worn)
 c - a +0 shield (worn)
 o - a +2 cloak
Jewellery
 i - an uncursed ring of ice {unknown}
 n - a cursed ring of teleportation {unknown}
 r - an uncursed ring of protection from magic {unknown}
Scrolls
 a - 2 scrolls of magic mapping {unknown}
 e - 5 scrolls of identify {unknown}
 j - a scroll of random uselessness {unknown}
 q - 2 scrolls of remove curse {unknown}
 s - 2 scrolls of teleportation {unknown}
Potions
 d - 2 potions of might
 g - 2 potions of heal wounds {unknown}
 h - a potion of haste {unknown}
 k - 2 potions of degeneration {unknown}
 l - a potion of invisibility {unknown}
 m - a potion of agility
Comestibles
 f - 14 rations


   Skills:
 + Level 4.7 Fighting
 + Level 3.6 Maces & Flails
 + Level 4.7 Armour
 + Level 4.7 Shields


You had 5 spell levels left.
You didn't know any spells.
Your spell library contained the following spells:

 Spells                   Type           Power        Failure   Level  Hunger
 Magic Dart               Conj           #...         99%         1    ##.....
 Searing Ray              Conj           #.....       99%         2    ###....
 Dazzling Spray           Conj/Hex       #.....       100%        3    ####...
 Force Lance              Conj/Tloc      #.......     100%        4    #####..
 Fulminant Prism          Conj/Hex       #.........   100%        4    #####..
 Iskenderun's Mystic Bla  Conj           #.......     100%        4    #####..


Dungeon Overview and Level Annotations

Branches:
Dungeon (4/15)
 Temple: D:4-7

Altars:
Ru
Trog
Vehumet

Shops:
D:4 }

Annotations:
D:4 Monsterracer's ghost, amateur DgIE


Innate Abilities, Weirdness & Mutations

You are resistant to torment.
Your stone body is resilient. (AC +4)
You are immune to poison.
You resist negative energy. (rN+)
You are resistant to electric shocks. (rElec)
You can survive without breathing.
You are immune to petrification.
You are immune to rotting.


Message History

You sock Monsterracer's ghost!
Monsterracer's ghost is heavily damaged.
Monsterracer's ghost hits you.
* * * LOW HITPOINT WARNING * * *
Monsterracer's ghost barely misses you.
Your scale mail prevents you from hitting Monsterracer's ghost.
Monsterracer's ghost is heavily damaged.
Monsterracer's ghost hits you but does no damage.
Your shield prevents you from hitting Monsterracer's ghost.
Monsterracer's ghost is heavily damaged.
You block Monsterracer's ghost's attack.
You hit Monsterracer's ghost but do no damage.
Monsterracer's ghost is heavily damaged.
Monsterracer's ghost hits you but does no damage.
You block Monsterracer's ghost's attack.
You hit Monsterracer's ghost but do no damage.
Monsterracer's ghost is heavily damaged.
Monsterracer's ghost gestures at you while chanting.
You are frozen.
You die...

###...............#####.# #.# #
#.................[...# #.####
###....#.#####.......#.## #.##.)
.....#.#.# ###........... ..##†#
#.##.#(#.. ..........##########.#
#.##...#######.....########......
#.####.# #...............###.#
#.# #... ####...########## #.#
#.# .### #P.#@..# #.# #.#
#8$W...# #.# #.# #P.#.#.# #.# #.#
####..... #.# .#...## #.. #. .#..
#. ...## #. #.


You could see Monsterracer's ghost.

Vanquished Creatures
  2 scorpions
  A worker ant (D:4)
  Robin (D:4)
  7 adders
  An ooze (D:3)
  3 dart slugs
  3 worms (D:2)
  A leopard gecko (D:3)
  8 orcs
  2 giant cockroaches (D:2)
  18 goblins
  11 hobgoblins
  5 jackals
  A quokka (D:2)
  2 ball pythons
  9 bats
  6 frilled lizards
  3 kobolds
  5 rats
89 creatures vanquished.

Notes
Turn   | Place    | Note
-------+----------+-------------------------------------------
     0 | D:1      | lysyklops the Gargoyle Fighter began the quest for the Orb.
     0 | D:1      | Reached XP level 1. HP: 14/14 MP: 1/1
    91 | D:1      | Reached XP level 2. HP: 14/19 MP: 2/2
   659 | D:1      | Reached XP level 3. HP: 23/23 MP: 3/3
   804 | D:2      | Found a faded altar of an unknown god.
  1156 | D:2      | Noticed a scorpion
  1165 | D:2      | Killed a scorpion
  1165 | D:2      | Reached XP level 4. HP: 23/29 MP: 4/4
  1207 | D:2      | Reached XP level 5. HP: 30/33 MP: 5/5
  1285 | D:2      | Found a sacrificial altar of Ru.
  1290 | D:2      | Found a radiant altar of Vehumet.
  1469 | D:2      | Found a bloodstained altar of Trog.
  2491 | D:4      | Found Siwav's Gadget Shop.
  2521 | D:4      | Reached XP level 6. HP: 32/39 MP: 6/6
  2612 | D:4      | Noticed Robin
  2620 | D:4      | Killed Robin
  2647 | D:4      | Noticed Monsterracer's ghost (amateur DgIE)
  2648 | D:4      | Found a runed door.
  2664 | D:4      | Killed from afar by Monsterracer's ghost

Skill      XL: |  1  2  3  4 |
---------------+-------------+-----
Fighting       | 4 |  4.7
Armour         | 4 |  4.7
Shields        | 4 |  4.7
Maces & Flails | 3 |  3.6

Action                   |  1- 3 |  4- 6 || total
-------------------------+-------+-------++-------
Melee: Flail             |   155 |   162 ||   317
  Eat: Chunk             |     1 |     1 ||     2
       Ration            |       |     1 ||     1
Armor: Scale mail        |   129 |    74 ||   203
Dodge: Dodged            |    88 |    47 ||   135
Block: Shield            |   107 |    74 ||   181
